 Dungeon Crawl Stone Soup version 0.27-a0-1308-gc08437e49b (webtiles) character file.

Game seed: 2893883346435190245

29 avis the Chopper (level 3, 0/31 HPs)
             Began as a Hill Orc Monk on June 19, 2021.
             Slain by a hobgoblin (5 damage)
             ... on level 2 of the Dungeon.
             The game lasted 00:03:07 (1573 turns).

avis the Chopper (Hill Orc Monk)                    Turns: 1573, Time: 00:03:08

Health: 0/31       AC:  2    Str: 14    XL:     3   Next: 16%
Magic:  3/3        EV: 12    Int: 10    God:
Gold:   8          SH:  0    Dex: 13    Spells: 2/2 levels left

rFire    . . .     SeeInvis .   a - +0 hand axe
rCold    . . .     Faith    .   (no shield)
rNeg     . . .     Spirit   .   g - +0 robe
rPois    .         Reflect  .   (no helmet)
rElec    .         Harm     .   (no cloak)
rCorr    .         Rampage  .   (no gloves)
Will     .....                  (no boots)
Stlth    ++........             (no amulet)
HPRegen  0.10/turn              (no ring)
MPRegen  0.08/turn              (no ring)

@: no status effects
A: no striking features
a: no special abilities


You were on level 2 of the Dungeon.
You visited 1 branch of the dungeon, and saw 2 of its levels.

You collected 8 gold pieces.

Inventory:

Hand Weapons
 a - a +0 hand axe (weapon)
 b - a +0 dagger of speed
Missiles
 d - 23 bolts
 e - 29 stones (quivered)
Armour
 g - a +0 robe (worn)
Scrolls
 h - a scroll of vulnerability {unknown}
 i - a scroll of magic mapping {unknown}
 l - a scroll of enchant armour {unknown}
 m - a scroll of enchant weapon {unknown}
Potions
 c - a potion of resistance {unknown}
 f - a potion of attraction {unknown}
 j - a potion of flight {unknown}
 k - a potion of heal wounds {unknown}
 n - a potion of brilliance {unknown}


   Skills:
 - Level 3.6 Fighting
 * Level 5.6 Axes
 - Level 2.4 Dodging
 - Level 1.5 Stealth


You had 2 spell levels left.
You didn't know any spells.
Your spell library was empty.

Dungeon Overview and Level Annotations

Branches:
Dungeon (2/15)

Altars:

Shops:
D:1 (

Annotations:
D:2 exclusions: phantom and worm


Message History

A goblin comes into view. It is wielding a +0 dagger.
The hobgoblin shouts!
The goblin shouts!
You completely miss the goblin. You closely miss the hobgoblin.
You slash the goblin!
You kill the goblin!
You hit the hobgoblin. The hobgoblin hits you.
You hit the hobgoblin but do no damage.
The hobgoblin is heavily wounded.
The hobgoblin hits you.
You closely miss the hobgoblin.
The hobgoblin is moderately wounded.
The hobgoblin hits you.
You barely miss the hobgoblin.
The hobgoblin is moderately wounded.
The hobgoblin hits you.
You are too injured to fight recklessly!
You are too injured to fight recklessly!
You are too injured to fight recklessly!
You are too injured to fight recklessly!
You are too injured to fight recklessly!
You hit the hobgoblin.
The hobgoblin is heavily wounded.
The hobgoblin barely misses you.
You hit the hobgoblin but do no damage.
The hobgoblin is heavily wounded.
The hobgoblin hits you.
You hit the hobgoblin.
The hobgoblin is almost dead.
The hobgoblin hits you.
You hit the hobgoblin but do no damage.
The hobgoblin is almost dead.
The hobgoblin hits you.
* * * LOW HITPOINT WARNING * * *
You barely miss the hobgoblin.
The hobgoblin is almost dead.
The hobgoblin closely misses you.
You closely miss the hobgoblin.
The hobgoblin is almost dead.
The hobgoblin hits you.
You die...

#..........#
#..........#
#####.#<####
#.#.# #.#.##
##.#..#
#.....#
#....[###
#....@).#
######g.#
.....
#.###.# .#
.# #


You could see a hobgoblin.

Vanquished Creatures
  A dart slug (D:1)
  3 endoplasms (D:1)
  2 giant cockroaches (D:1)
  2 goblins
  A hobgoblin (D:1)
  2 jackals (D:1)
  A quokka (D:1)
  3 ball pythons (D:1)
  3 bats (D:1)
  A frilled lizard (D:1)
  2 kobolds (D:1)
  2 rats (D:1)
23 creatures vanquished.

Notes
Turn   | Place    | Note
-------+----------+-------------------------------------------
     0 | D:1      | avis the Hill Orc Monk began the quest for the Orb.
     0 | D:1      | Reached XP level 1. HP: 19/19 MP: 1/1
   394 | D:1      | Reached XP level 2. HP: 21/26 MP: 2/2
   813 | D:1      | Reached skill level 5 in Axes
  1077 | D:1      | Reached XP level 3. HP: 26/31 MP: 3/3
  1363 | D:1      | Found Zoduanybb's Antique Weapon Shoppe.
  1427 | D:2      | Noticed a phantom
  1573 | D:2      | Slain by a hobgoblin

Illustrated notes

Levels and vault maps discovered:
D:1:      lordsloth_arrival_two_stooges, layout_basic, serial_shops, shop,
          serial_bayou_pond_d
D:2:      layout_rooms, basic_ecumenical_altar

Skill      XL: |  1  2 |
---------------+-------+-----
Axes           | 5 |  5.6
Fighting       | |  3.6
Dodging        | |  2.4
Stealth        | |  1.5

Action                   || total
-------------------------++-------
Melee: Hand axe          ||    80
Armor: Robe              ||    18
Dodge: Dodged            ||    51

Table legend: (Time is in decaauts)
 A = Elapsed time spent in this place.
 B = Non-inter-level travel time spent in this place.
 C = Inter-level travel time spent in this place.
 D = Time resting spent in this place.
 E = Time spent auto-exploring this place.
 F = Levels seen in this place.
 G = Mean time per level.
                   A        B        C        D        E       F      G
               +--------+--------+--------+--------+--------+-----+--------+
         Total |   1581 |   1462 |    119 |    709 |    551 |   2 |  790.5 |
       Dungeon |   1581 |   1462 |    119 |    709 |    551 |   2 |  790.5 |
               +--------+--------+--------+--------+--------+-----+--------+

Top non-repeatable levels by time:
     D:1: 1533 daAuts
     D:2: 48 daAuts
